 Dungeon Crawl Stone Soup version 0.29.0-13-gc9e81de378 (webtiles) character file.

Game seed: 4487330045046238436

7 ILmort the Digger (level 2, -3/15 HPs)
             Began as a Gargoyle Earth Elementalist on Sept 10, 2022.
             Frozen to death by an endoplasm (4 damage)
             ... on level 1 of the Dungeon.
             The game lasted 00:01:33 (74 turns).

ILmort the Digger (Gargoyle Earth Elementalist)       Turns: 74, Time: 00:01:34

Health: -3/15      AC:  7    Str: 11    XL:     2   Next: 0%
Magic:  1/5        EV: 11    Int: 15    God:
Gold:   0          SH:  0    Dex: 10    Spells: 4/5 levels left

rFire   . . .      SeeInvis .   e - +0 club
rCold   . . .      Faith    .   (no shield)
rNeg    + . .      Spirit   .   a - +0 robe
rPois   ∞          Reflect  .   (no helmet)
rElec   +          Harm     .   (no cloak)
rCorr   .          Rampage  .   d - +2 pair of gloves
Will    .....                   (no boots)
Stlth   ++........              (no amulet)
HPRegen 0.05/turn               (no ring)
MPRegen 0.09/turn               (no ring)

@: no status effects
A: sickness immunity, AC +2, negative energy resistance 1, electricity
resistance, torment resistance 1, petrification resistance
a: no special abilities


You were on level 1 of the Dungeon.
You visited 1 branch of the dungeon, and saw 1 of its levels.

Inventory:

Hand Weapons
 e - a +0 club (weapon)
Armour
 a - a +0 robe (worn)
 c - a +0 pair of gloves
 d - a +2 pair of gloves (worn)
Potions
 b - a potion of magic


   Skills:
 - Level 1.5 Dodging
 - Level 2.1 Stealth
 - Level 2.0 Spellcasting
 - Level 0.7 Transmutations
 + Level 4.2 Earth Magic


You had 4 spell levels left.
You knew the following spells:

 Your Spells              Type           Power      Damage    Failure   Level
a - Sandblast             Erth           28%        2d8       3%          1

Your spell library contained the following spells:

 Spells                   Type           Power      Damage    Failure   Level
 Passwall                 Tmut/Erth      6%         N/A       12%         2
 Stone Arrow              Conj/Erth      14%        3d7       28%         3
 Petrify                  Tmut/Erth      8%         N/A       63%         4


Dungeon Overview and Level Annotations

Branches:
Dungeon (1/15)

Altars:


Innate Abilities, Weirdness & Mutations

You are immune to sickness and miasma.
Your stone body is resilient. (AC +2)
You are immune to poison.
You resist negative energy. (rN+)
You are resistant to electric shocks. (rElec)
You are resistant to unholy torment.
You are immune to petrification.


Message History

The quokka closely misses you.
A bat comes into view.
The quokka bites you but does no damage.
You see here a +0 club.
The quokka barely misses you.
The quokka bites you but does no damage.
Keep disrobing? [Y]es or [N]o only, please.
Keep disrobing?
Uppercase [Y]es or [N]o only, please.
Keep disrobing?
You stop removing your armour.
e - a +0 club (weapon)
You hit the quokka. The quokka misses you. The quokka completely misses you.
You barely miss the quokka. The quokka misses you.
The endoplasm hits you but does no damage.
You closely miss the quokka. The bat hits you but does no damage.
The quokka misses you. The endoplasm hits you. The quokka bites you.
You miss the quokka. The bat barely misses you. The endoplasm hits you.
* * * LOW HITPOINT WARNING * * *
The quokka misses you. The endoplasm closely misses you.
You hit the quokka but do no damage. The bat hits you but does no damage.
The quokka closely misses you.
The endoplasm hits you but does no damage.
The quokka barely misses you.
You hit the quokka.
You kill the quokka!
The bat hits you but does no damage.
The endoplasm hits you but does no damage.
You have reached level 2!
You hit the endoplasm. The bat misses you. The endoplasm freezes you.
You are frozen.
* * * LOW HITPOINT WARNING * * *
The endoplasm hits you.
* * * LOW HITPOINT WARNING * * *
You barely miss the endoplasm. The bat hits you but does no damage.
The endoplasm freezes you.
You are frozen.
You die...

.# ##.## . #...# # #.
#...# .. ##.## #...# ...
..... #####...##....
.....###.........?...
...>†......†..)......
.............@J......
####++###..####...##....
~~.......8.# #.b.# ..
~..~~~~~~.## #..†#
..~~...~~~# #...#
.~~..~..~~# .....
.~~.~~~..~# ##.##.
.~~.<.~~.~# ...
..~~~.~~.~#


You could see an endoplasm and a bat.

Vanquished Creatures
  An endoplasm (D:1)
  A giant cockroach (D:1)
  A hobgoblin (D:1)
  A quokka (D:1)
  A kobold (D:1)
  A rat (D:1)
6 creatures vanquished.

Notes
Turn   | Place    | Note
-------+----------+-------------------------------------------
     0 | D:1      | ILmort the Gargoyle Earth Elementalist began the quest for
                  | the Orb.
     0 | D:1      | Reached XP level 1. HP: 10/10 MP: 3/3
    58 | D:1      | Reached skill level 4 in Earth Magic
    73 | D:1      | Reached XP level 2. HP: 5/15 MP: 1/5
    74 | D:1      | Frozen to death by an endoplasm

Illustrated notes

Levels and vault maps discovered:
D:1:      psy_arrival_whirlpool, layout_loops_cross, hangedman_decor_growths

Skill      XL: |  1 |
---------------+----+-----
Earth Magic    | 4 |  4.2
Dodging        | |  1.5
Stealth        | |  2.1
Spellcasting   | |  2.0
Transmutations | |  0.7

Action                   || total
-------------------------++-------
Melee: Club              ||     8
       Unarmed           ||     1
 Cast: Sandblast         ||     6
Armor: Robe              ||     9
Dodge: Dodged            ||    13
